 Dungeon Crawl Stone Soup version 0.26-a0-784-g51bffae0b1 (webtiles) character file.

Game seed: 14515477224236599290

8355 Morbidden the Digger (level 11, -5/101 HPs)
             Began as a Troll Earth Elementalist on Nov 10, 2020.
             Was a Priest of Cheibriados.
             Slain by a yak (10 damage)
             ... on level 10 of the Dungeon.
             The game lasted 00:27:24 (12998 turns).

Morbidden the Digger (Troll Earth Elementalist)    Turns: 12998, Time: 00:27:25

Health: -5/101     AC:  9    Str: 24 (25) XL:     11   Next: 8%
Magic:  11/18      EV: 11    Int: 19 (21) God:    Cheibriados [***...]
Gold:   583        SH:  0    Dex: 15 (17) Spells: 13/21 levels left

rFire    . . .     SeeInvis .     - Unarmed
rCold    . . .     Faith    .   (no shield)
rNeg     . . .     Spirit   .   o - +0 troll leather armour
rPois    +         Reflect  .   F - +1 hat
rElec    .         Harm     .   (no cloak)
rCorr    .         Rampage  .   (gloves unavailable)
MR       .....                  (boots unavailable)
Stlth    ++........             (no amulet)
HPRegen  1.06/turn              t - ring of poison resistance
MPRegen  0.16/turn              (no ring)

@: very slow
A: large, unfitting armour, claws 3, regeneration 1, shaggy fur 1, tough skin 3
a: Bend Time, Temporal Distortion, Renounce Religion


You were on level 10 of the Dungeon.
You worshipped Cheibriados.
Cheibriados was most pleased with you.
You visited 2 branches of the dungeon, and saw 11 of its levels.
You also visited: Sewer.

You collected 619 gold pieces.
You spent 36 gold pieces at shops.

Inventory:

Missiles
 b - 248 stones (quivered)
 d - 6 silver boomerangs
 m - 12 javelins
Armour
 o - a +0 troll leather armour (worn)
 F - a +1 hat (worn)
Magical Staves
 q - an uncursed staff of fire
Jewellery
 t - a ring of poison resistance (left claw)
Wands
 c - a wand of disintegration (14)
 A - a wand of enslavement (6)
Scrolls
 a - 3 scrolls of enchant armour
 e - 2 scrolls of immolation
 f - 3 scrolls of amnesia
 g - 6 scrolls of remove curse
 h - 8 scrolls of teleportation
 i - 7 scrolls of identify
 s - 4 scrolls of fear {unknown}
 v - 4 scrolls of blinking {unknown}
 w - 2 scrolls of fog {unknown}
 x - 2 scrolls of magic mapping
 y - 2 scrolls of acquirement {unknown}
 D - 3 scrolls of enchant weapon {unknown}
Potions
 j - 3 potions of brilliance
 k - 2 potions of degeneration
 n - 2 potions of cancellation
 r - 3 potions of heal wounds {unknown}
 u - 2 potions of attraction {unknown}
 z - 3 potions of flight
 B - 4 potions of berserk rage {unknown}
 C - 2 potions of might {unknown}
 E - a potion of resistance {unknown}
 G - a potion of lignification {unknown}


   Skills:
 * Level 4.5 Fighting
 + Level 1.8 Armour
 + Level 3.7 Dodging
 + Level 2.0 Stealth
 * Level 7.0 Unarmed Combat
 * Level 5.8 Spellcasting
 + Level 4.1 Conjurations
 * Level 1.2 Transmutations
 + Level 7.3 Earth Magic
 * Level 2.1 Invocations
 + Level 1.5 Evocations


You had 13 spell levels left.
You knew the following spells:

 Your Spells              Type           Power        Failure   Level
a - Sandblast             Erth           ####..       1%          1
b - Stone Arrow           Conj/Erth      ####..       3%          3
c - Petrify               Tmut/Erth      ###.....     22%         4

Your spell library contained the following spells:

 Spells                   Type           Power        Failure   Level
 Passwall                 Tmut/Erth      ###.....     3%          2
 Lee's Rapid Deconstruct  Erth           ####......   19%         5


Dungeon Overview and Level Annotations

Branches:
Dungeon (10/15)            Temple (1/1) D:7            Lair (0/6) D:9
  Sewer (visited)
    Orc: D:9-12

Altars:
Ashenzari
Cheibriados
Dithmenos
Elyvilon
Fedhas
Hepliaklqana
Kikubaaqudgha
Makhleb
Qazlal
Ru
Sif Muna
Trog
Uskayaw
Vehumet
Wu Jian
Xom
Yredelemnul
Zin
The Shining One

Shops:
D:4 *


Innate Abilities, Weirdness & Mutations

You are too large for most types of armour.
You have claws for hands.
Your natural rate of healing is unusually fast.
You are covered in fur. (AC +1)
You have extremely tough skin. (AC +3)


Message History

Unknown command.
Unknown command.
You feel better. The yak gores you.
* * * LOW HITPOINT WARNING * * *
The yak gores you.
* * * LOW HITPOINT WARNING * * *
Unknown command.
Unknown command.
Unknown command.
It was a potion of degeneration.
There was something very wrong with that liquid.
You feel weakened.
You feel dopey.
You feel clumsy. The yak misses you. The yak gores you!
* * * LOW HITPOINT WARNING * * *
Unknown command.
Unknown command.
Unknown command.
Unknown command.
It was a potion of cancellation.
You feel magically purged. The yak gores you!
You die...

### # # #. # ##########
###.#### ### .........
........
#.....###...#########...
#....$'.'...........#...
#.....###...######.##(##
#.....Y@YY..# #....##
#.....###...# ####.##
#.... #...# ###. ####
##+## .


You could see 3 yaks.

Vanquished Creatures
  A two-headed ogre (D:8)
  Psyche (D:9)
  A troll (D:9)
  A hornet (D:8)
  Grinder (D:5)
  A wraith (D:10)
  Eustachio (D:5)
  A wyvern (D:9)
  10 yaks
  A basilisk (D:9)
  3 orc warriors
  A black bear (D:9)
  3 sky beasts
  3 phantoms
  3 ice beasts
  8 ogres
  2 centaurs
  5 big kobolds
  Blork the orc (D:4)
  4 bullfrogs
  A water moccasin zombie (D:5)
  A wyvern zombie (D:10)
  A scorpion (D:6)
  3 killer bees (D:9)
  4 wights (D:8)
  2 howler monkeys (D:4)
  3 hounds
  A quasit (D:8)
  A centaur zombie (D:10)
  9 orc wizards
  6 orc priests
  2 centaur skeletons
  3 bullfrog skeletons
  3 iguanas
  Terence (D:2)
  Natasha (thrice) (D:2)
  8 worker ants
  A hound zombie (D:6)
  A hound skeleton (D:9)
  6 gnolls
  13 adders
  A river rat (Sewer)
  A shadow imp (D:6)
  3 white imps
  3 ufetubi
  6 oozes
  6 worms
  2 dart slugs
  3 leopard geckos
  21 orcs
  A ball python (Sewer)
  6 giant cockroaches
  8 goblins
  10 hobgoblins
  8 jackals
  3 quokkas
  5 bats
  3 frilled lizards
  23 kobolds
  A quokka skeleton (D:4)
  A quokka zombie (D:9)
  11 rats
  A butterfly (D:7)
252 creatures vanquished.

Vanquished Creatures (collateral kills)
  An orc (D:7)
1 creature vanquished.

Vanquished Creatures (others)
  An orc warrior (D:10)
  A quokka (D:4)
  A plant (D:9)
3 creatures vanquished.

Grand Total: 256 creatures vanquished

Notes
Turn   | Place    | Note
-------+----------+-------------------------------------------
     0 | D:1      | Morbidden the Troll Earth Elementalist began the quest for
                  | the Orb.
     0 | D:1      | Reached XP level 1. HP: 16/16 MP: 1/1
   207 | D:1      | Reached XP level 2. HP: 24/24 MP: 0/2
   786 | D:2      | Reached XP level 3. HP: 32/32 MP: 2/4
   844 | D:2      | Noticed Terence
   844 | D:2      | Noticed Natasha
   877 | D:2      | Killed Terence
   885 | D:2      | Killed Natasha
   885 | D:2      | Reached XP level 4. HP: 14/40 MP: 0/5
  1223 | D:2      | Reached skill level 1 in Unarmed Combat
  1263 | D:2      | Learned a level 3 spell: Stone Arrow
  1512 | D:2      | Found a glowing silver altar of Zin.
  1512 | D:2      | Found a shadowy altar of Dithmenos.
  1544 | D:2      | Noticed Natasha
  1553 | D:2      | Killed Natasha
  1553 | D:2      | Reached XP level 5. HP: 43/46 MP: 0/7
  1856 | D:2      | Noticed Natasha
  1865 | D:2      | Killed Natasha
  1865 | D:2      | Reached skill level 1 in Fighting
  2608 | D:3      | Reached XP level 6. HP: 52/55 MP: 6/8
  2762 | D:3      | Found a faded altar of an unknown god.
  2791 | D:3      | Found a burning altar of Makhleb.
  3242 | D:4      | Reached skill level 1 in Conjurations
  3272 | D:4      | Noticed Blork the orc
  3280 | D:4      | Killed Blork the orc
  3362 | D:4      | Reached XP level 7. HP: 39/62 MP: 10/10
  3819 | D:4      | Found a white marble altar of Elyvilon.
  3846 | D:4      | Reached XP level 8. HP: 72/72 MP: 5/12
  3935 | D:4      | Found Lidap's General Store.
  3940 | D:4      | Bought a potion of flight for 36 gold pieces
  4116 | D:5      | Entered Level 5 of the Dungeon
  4143 | D:5      | Reached skill level 5 in Earth Magic
  4175 | D:5      | Reached skill level 1 in Evocations
  4292 | D:5      | Found a sacrificial altar of Ru.
  4342 | D:5      | Found a glowing golden altar of the Shining One.
  4439 | D:5      | Noticed Grinder
  4439 | D:5      | Paralysed by Grinder for 4 turns
  4452 | D:5      | Killed Grinder
  4713 | D:5      | Noticed Eustachio
  4780 | D:5      | Killed Eustachio
  5082 | D:5      | Found a basalt altar of Yredelemnul.
  5206 | D:5      | Noticed an angel
  5269 | D:6      | Found a stormy altar of Qazlal.
  5407 | D:6      | Found a glowing drain.
  5411 | Sewer    | Entered a sewer
  5479 | Sewer    | Reached XP level 9. HP: 81/81 MP: 2/14
  7057 | D:7      | Found a shimmering altar of Xom.
  7057 | D:7      | Found a shimmering altar of Xom.
  7058 | D:7      | Found a shimmering altar of Xom.
  7059 | D:7      | Found a shimmering altar of Xom.
  7059 | D:7      | Found a shimmering altar of Xom.
  7059 | D:7      | Found a shimmering altar of Xom.
  7060 | D:7      | Found a shimmering altar of Xom.
  7615 | D:7      | Found a staircase to the Ecumenical Temple.
  7620 | Temple   | Entered the Ecumenical Temple
  7779 | Temple   | Became a worshipper of Cheibriados the Contemplative
  9135 | D:7      | Noticed an orb spider
  9137 | D:7      | an orb spider changed into a shapeshifter
  9180 | D:8      | Learned a level 4 spell: Petrify
  9545 | D:8      | Reached skill level 1 in Transmutations
  9830 | D:8      | Reached skill level 5 in Unarmed Combat
  9929 | D:8      | Reached * piety under Cheibriados
 10310 | D:8      | Noticed a two-headed ogre
 10317 | D:8      | Killed a two-headed ogre
 10317 | D:8      | Reached skill level 5 in Spellcasting
 10317 | D:8      | Reached XP level 10. HP: 78/92 MP: 9/16
 10926 | D:9      | Noticed Psyche
 10931 | D:9      | Killed Psyche
 11182 | D:9      | Reached ** piety under Cheibriados
 11444 | D:9      | Found a staircase to the Lair.
 11444 | D:9      | Noticed an elephant
 11588 | D:9      | Reached skill level 1 in Armour
 11663 | D:9      | Reached skill level 1 in Invocations
 12337 | D:10     | Entered Level 10 of the Dungeon
 12425 | D:10     | Reached *** piety under Cheibriados
 12626 | D:10     | Reached XP level 11. HP: 88/101 MP: 16/18
 12994 | D:10     | HP: 4/101 [yak (12)]
 12998 | D:10     | Slain by a yak

Illustrated notes

Levels and vault maps discovered:
D:1:      matt_arrival_diagonals, layout_loops_ring
D:2:      layout_basic, gammafunk_temple_overflow_wave, uniq_terence,
          uniq_natasha
D:3:      layout_loops_corners, lemuel_crystal_altar,
          chequers_ecumenical_altar_simple
D:4:      layout_loops_ring, elyvilon_altar_4, serial_shops, shop,
          minmay_misc_feat_encased, minmay_strange_pillars,
          corexii_item_surrounded_by_moat, minmay_circle_x, uniq_blork_the_orc
D:5:      layout_rooms, grunt_temple_overflow_holy_war, marbit_many_paths,
          minmay_door_square, uniq_eustachio, uniq_grinder
D:6:      layout_basic, kennysheep_mini, gup_sewer_entry_bowl,
          serial_corexii_hall, chequers_hall_statues_y,
          chequers_hall_statues_corner_a
D:7:      layout_basic, xom_shifter_show, minmay_temple_entry_butterflies
D:8:      layout_basic, minmay_misc_feat_alley, minmay_crystal_room
D:9:      layout_grid_maze, david_lair_generic, uniq_psyche
D:10:     layout_basic, basic_altar
Temple:   nicolae_temple_figure_eight

Skill      XL: |  1  2  3  4  5  6  7  8  9 10 11 |
---------------+----------------------------------+-----
Earth Magic    | 3 4 5 6 7 |  7.3
Spellcasting   | 2 3 4 5 |  5.8
Unarmed Combat | 1 2 4 5 6 7 |  7.0
Dodging        | 2 3 |  3.7
Fighting       | 1 2 3 4 |  4.5
Conjurations   | 1 2 3 4 |  4.1
Evocations     | 1 |  1.5
Transmutations | 1 |  1.2
Stealth        | 2 |  2.0
Armour         | 1 |  1.8
Invocations    | 2 |  2.1

Action                   |  1- 3 |  4- 6 |  7- 9 | 10-12 || total
-------------------------+-------+-------+-------+-------++-------
Melee: Unarmed           |    88 |   129 |   267 |   151 ||   635
       Punch             |       |       |     3 |     4 ||     7
Throw: Stone             |       |       |     1 |     2 ||     3
 Cast: Sandblast         |    15 |    41 |    81 |    47 ||   184
       Stone Arrow       |       |       |    97 |    46 ||   143
       Petrify           |       |       |       |     6 ||     6
Evoke: Wand              |       |    14 |    27 |     6 ||    47
  Use: Scroll            |       |       |     8 |     3 ||    11
       Potion            |       |       |     2 |     5 ||     7
 Stab: Paralysed         |       |     7 |       |       ||     7
       Sleeping          |       |     1 |     1 |       ||     2
       Petrifying        |       |       |       |     1 ||     1
       Petrified         |       |       |       |     1 ||     1
Armor: Robe              |    33 |    37 |    95 |    29 ||   194
       Troll leather arm |       |       |       |    49 ||    49
Dodge: Dodged            |    45 |    66 |   130 |   112 ||   353

Table legend: (Time is in decaauts)
 A = Elapsed time spent in this place.
 B = Non-inter-level travel time spent in this place.
 C = Inter-level travel time spent in this place.
 D = Time resting spent in this place.
 E = Time spent auto-exploring this place.
 F = Levels seen in this place.
 G = Mean time per level.
                   A        B        C        D        E       F      G
               +--------+--------+--------+--------+--------+-----+--------+
         Total |  14194 |  13757 |    437 |    926 |  10695 |  12 | 1182.8 |
       Dungeon |  12438 |  12027 |    411 |    926 |   9145 |  10 | 1243.8 |
        Temple |    171 |    145 |     26 |      0 |    139 |   1 |  171.0 |
         Sewer |   1584 |   1584 |      0 |      0 |   1411 |   1 | 1584.0 |
               +--------+--------+--------+--------+--------+-----+--------+

Top non-repeatable levels by time:
     D:8: 1879 daAuts
     D:9: 1859 daAuts
     D:6: 1810 daAuts
   Sewer: 1584 daAuts
     D:2: 1304 daAuts
     D:5: 1118 daAuts
     D:4: 1114 daAuts
     D:3: 960 daAuts
     D:7: 826 daAuts
    D:10: 794 daAuts
     D:1: 771 daAuts
  Temple: 171 daAuts
